2428 views
Uploaded 2024-11-09 04:23:06
Game version 1.36 (6115)
33:12 long 3on3 ladder game on (6)GnollWood
Saved by GIGA
2428 views
Uploaded 2024-11-09 04:23:06
Game version 1.36 (6115)
33:12 long 3on3 ladder game on (6)GnollWood


140 units @ 16.2k
/ 2.6k
161 buildings @ 13.1k
/ 6.1k



| Peasant | 19 | 1425 | / | 0 |
| Mortar Team | 5 | 900 | / | 350 |
| Flying Machine | 24 | 2400 | / | 720 |
| total: | 48 | 4725g | / | 1070w |
| Scout Tower | 14 | 420 | / | 280 |
| Arcane Tower | 2 | 140 | / | 100 |
| Guard Tower | 4 | 280 | / | 200 |
| Altar of Kings | 2 | 360 | / | 100 |
| Lumber Mill | 1 | 120 | / | 0 |
| Farm | 17 | 1360 | / | 340 |
| Town Hall | 1 | 385 | / | 205 |
| Blacksmith | 1 | 140 | / | 60 |
| Arcane Vault | 2 | 260 | / | 60 |
| Workshop | 3 | 420 | / | 420 |
| Gryphon Aviary | 1 | 140 | / | 150 |
| Keep | 1 | 320 | / | 210 |
| Castle | 1 | 360 | / | 210 |
| total: | 42 | 3605g | / | 1615w |
| 0:02 | Peasant |
| 0:05 | Altar of Kings |
| 0:07 | Peasant |
| 0:19 | Lumber Mill |
| 0:20 | Peasant |
| 0:27 | Peasant |
| 0:33 | Farm |
| 0:34 | Peasant |
| 0:48 | Peasant |
| 1:10 | Peasant |
| 1:13 | Farm |
| 1:15 | Peasant |
| 1:21 | Improved Lumber Harvesting |
| 1:24 | Scout Tower |
| 1:51 | Farm |
| 1:54 | Arcane Tower |
| 1:55 | Peasant |
| 2:18 | Peasant |
| 2:22 | Improved Masonry |
| 2:24 | Peasant |
| 2:47 | Peasant |
| 3:04 | Peasant |
| 3:13 | Scout Tower |
| 3:15 | Scout Tower |
| 3:19 | Peasant |
| 3:30 | Town Hall |
| 3:37 | Storm Bolt |
| 3:38 | Peasant |
| 3:41 | Scout Tower |
| 3:41 | Scout Tower |
| 3:42 | Scout Tower |
| 3:43 | Guard Tower |
| 3:58 | Peasant |
| 4:07 | Guard Tower |
| 4:19 | Guard Tower |
| 4:27 | Scout Tower |
| 4:30 | Peasant |
| 4:49 | Keep |
| 5:07 | Peasant |
| 5:10 | Arcane Tower |
| 6:04 | Blacksmith |
| 6:54 | Peasant |
| 7:33 | Castle |
| 7:48 | Advanced Lumber Harvesting |
| 7:48 | Advanced Masonry |
| 7:54 | Black Gunpowder |
| 8:02 | Workshop |
| 8:04 | Workshop |
| 8:27 | Scout Tower |
| 8:27 | Scout Tower |
| 8:28 | Scout Tower |
| 8:29 | Scout Tower |
| 8:30 | Scout Tower |
| 8:31 | Scout Tower |
| 8:32 | Scout Tower |
| 8:51 | Flare |
| 8:54 | Mortar Team |
| 9:30 | Flak Cannons |
| 9:32 | Mortar Team |
| 9:33 | Mortar Team |
| 9:38 | Guard Tower |
| 10:22 | Fragmentation Shards |
| 10:27 | Flying Machine Bombs |
| 10:33 | Imbued Masonry |
| 11:07 | Holy Light |
| 11:23 | Workshop |
| 11:46 | Farm |
| 11:48 | Farm |
| 11:51 | Flying Machine |
| 11:52 | Flying Machine |
| 11:53 | Flying Machine |
| 11:53 | Flying Machine |
| 11:56 | Refined Gunpowder |
| 12:24 | Flying Machine |
| 12:24 | Flying Machine |
| 12:28 | Farm |
| 12:29 | Farm |
| 12:44 | Flying Machine |
| 12:56 | Flying Machine |
| 12:56 | Flying Machine |
| 12:56 | Flying Machine |
| 12:56 | Flying Machine |
| 12:56 | Flying Machine |
| 12:57 | Flying Machine |
| 12:57 | Flying Machine |
| 13:02 | Farm |
| 13:04 | Farm |
| 13:51 | Flying Machine |
| 13:58 | Farm |
| 13:59 | Farm |
| 14:02 | Farm |
| 14:20 | Imbued Gunpowder |
| 14:20 | Iron Plating |
| 14:47 | Flying Machine |
| 14:48 | Flying Machine |
| 14:54 | Gryphon Aviary |
| 15:23 | Arcane Vault |
| 16:07 | Arcane Vault |
| 16:11 | Bash |
| 17:24 | Farm |
| 17:26 | Farm |
| 17:33 | Mortar Team |
| 17:34 | Mortar Team |
| 17:42 | Farm |
| 17:42 | Farm |
| 17:42 | Farm |
| 18:12 | Steel Plating |
| 18:48 | Flying Machine |
| 18:49 | Flying Machine |
| 18:49 | Flying Machine |
| 18:49 | Flying Machine |
| 18:49 | Flying Machine |
| 19:41 | Altar of Kings |
| 20:07 | Storm Hammers |
| 20:33 | Flying Machine |
| 20:33 | Flying Machine |
| 20:47 | Divine Shield |
| 20:47 | Divine Shield |
| 20:48 | Divine Shield |
| 22:18 | Mithril Plating |
| 25:19 | Brilliance Aura |
| 32:55 | Storm Bolt |
| Right click | 1070 |
| Select group | 527 |
| Select | 362 |
| Build/train/purchase | 90 |
| Misc. action | 84 |
| Use ability | 61 |
| Assign group | 13 |
| Resource trade | 13 |
| Minimap ping | 6 |
| Remove unit | 3 |


| Peasant | 16 | 1200 | / | 0 |
| Dragonhawk Rider | 3 | 600 | / | 90 |
| Priest | 5 | 675 | / | 50 |
| Knight | 6 | 1470 | / | 360 |
| Sorceress | 4 | 620 | / | 80 |
| Spell Breaker | 2 | 430 | / | 60 |
| Mud Golem | 1 | 145 | / | 10 |
| total: | 37 | 5140g | / | 650w |
| Scout Tower | 67 | 2010 | / | 1340 |
| Guard Tower | 21 | 1470 | / | 1050 |
| Arcane Tower | 10 | 700 | / | 500 |
| Altar of Kings | 1 | 180 | / | 50 |
| Farm | 14 | 1120 | / | 280 |
| Lumber Mill | 2 | 240 | / | 0 |
| Arcane Vault | 1 | 130 | / | 30 |
| Barracks | 4 | 640 | / | 240 |
| Blacksmith | 4 | 560 | / | 240 |
| Arcane Sanctum | 3 | 450 | / | 420 |
| Gryphon Aviary | 1 | 140 | / | 150 |
| Keep | 1 | 320 | / | 210 |
| Castle | 1 | 360 | / | 210 |
| total: | 97 | 5470g | / | 2750w |
| 0:03 | Peasant |
| 0:03 | Peasant |
| 0:06 | Altar of Kings |
| 0:09 | Farm |
| 0:10 | Farm |
| 0:30 | Peasant |
| 0:36 | Lumber Mill |
| 0:50 | Peasant |
| 1:02 | Peasant |
| 1:11 | Peasant |
| 1:18 | Farm |
| 1:23 | Improved Lumber Harvesting |
| 1:34 | Peasant |
| 1:43 | Peasant |
| 2:21 | Peasant |
| 2:21 | Peasant |
| 2:22 | Peasant |
| 2:30 | Storm Bolt |
| 3:23 | Scout Tower |
| 3:24 | Scout Tower |
| 3:25 | Scout Tower |
| 3:26 | Scout Tower |
| 3:35 | Peasant |
| 3:35 | Peasant |
| 3:36 | Peasant |
| 3:41 | Scout Tower |
| 3:42 | Scout Tower |
| 3:43 | Scout Tower |
| 3:44 | Scout Tower |
| 3:45 | Scout Tower |
| 3:46 | Scout Tower |
| 3:57 | Guard Tower |
| 4:12 | Improved Masonry |
| 4:19 | Scout Tower |
| 4:20 | Scout Tower |
| 4:20 | Scout Tower |
| 4:36 | Guard Tower |
| 4:38 | Guard Tower |
| 4:47 | Scout Tower |
| 4:48 | Scout Tower |
| 4:50 | Scout Tower |
| 4:51 | Scout Tower |
| 5:05 | Scout Tower |
| 5:07 | Scout Tower |
| 5:08 | Scout Tower |
| 5:10 | Scout Tower |
| 5:11 | Scout Tower |
| 5:15 | Scout Tower |
| 5:24 | Arcane Tower |
| 5:26 | Guard Tower |
| 5:31 | Arcane Tower |
| 5:33 | Peasant |
| 5:33 | Peasant |
| 5:38 | Arcane Tower |
| 5:41 | Guard Tower |
| 5:48 | Scout Tower |
| 5:51 | Scout Tower |
| 5:52 | Scout Tower |
| 5:52 | Scout Tower |
| 5:53 | Scout Tower |
| 5:55 | Scout Tower |
| 6:10 | Guard Tower |
| 6:36 | Arcane Tower |
| 6:38 | Arcane Tower |
| 6:40 | Guard Tower |
| 6:44 | Scout Tower |
| 6:45 | Scout Tower |
| 6:49 | Guard Tower |
| 7:10 | Scout Tower |
| 7:11 | Scout Tower |
| 7:11 | Scout Tower |
| 7:13 | Scout Tower |
| 7:13 | Scout Tower |
| 7:14 | Scout Tower |
| 7:15 | Scout Tower |
| 7:15 | Scout Tower |
| 7:19 | Scout Tower |
| 7:20 | Scout Tower |
| 7:21 | Scout Tower |
| 7:23 | Scout Tower |
| 7:24 | Scout Tower |
| 7:24 | Scout Tower |
| 7:25 | Scout Tower |
| 7:25 | Scout Tower |
| 7:29 | Guard Tower |
| 7:31 | Guard Tower |
| 7:42 | Keep |
| 8:26 | Guard Tower |
| 8:29 | Guard Tower |
| 8:31 | Guard Tower |
| 8:42 | Scout Tower |
| 8:47 | Scout Tower |
| 8:51 | Scout Tower |
| 8:51 | Scout Tower |
| 8:52 | Scout Tower |
| 8:55 | Bash |
| 9:27 | Guard Tower |
| 9:31 | Arcane Tower |
| 9:37 | Scout Tower |
| 9:37 | Scout Tower |
| 9:40 | Scout Tower |
| 10:05 | Advanced Masonry |
| 10:35 | Lumber Mill |
| 11:09 | Guard Tower |
| 11:13 | Arcane Tower |
| 11:15 | Arcane Tower |
| 11:16 | Guard Tower |
| 11:18 | Scout Tower |
| 11:19 | Scout Tower |
| 11:19 | Scout Tower |
| 11:20 | Scout Tower |
| 11:25 | Holy Light |
| 11:41 | Scout Tower |
| 11:45 | Scout Tower |
| 11:47 | Scout Tower |
| 11:53 | Scout Tower |
| 11:55 | Scout Tower |
| 12:08 | Castle |
| 12:19 | Arcane Tower |
| 12:26 | Guard Tower |
| 12:58 | Guard Tower |
| 12:59 | Guard Tower |
| 13:09 | Arcane Tower |
| 13:10 | Guard Tower |
| 13:18 | Guard Tower |
| 13:34 | Mud Golem |
| 14:13 | Arcane Sanctum |
| 14:24 | Gryphon Aviary |
| 14:32 | Imbued Masonry |
| 20:43 | Divine Shield |
| 21:16 | Scout Tower |
| 21:16 | Scout Tower |
| 21:17 | Scout Tower |
| 21:21 | Magic Sentry |
| 22:06 | Arcane Vault |
| 22:58 | Farm |
| 22:59 | Farm |
| 23:04 | Cloud |
| 23:04 | Dragonhawk Rider |
| 23:04 | Dragonhawk Rider |
| 23:04 | Dragonhawk Rider |
| 24:19 | Storm Bolt |
| 27:44 | Farm |
| 27:44 | Farm |
| 27:44 | Farm |
| 27:45 | Farm |
| 27:45 | Farm |
| 27:51 | Barracks |
| 27:52 | Barracks |
| 27:53 | Barracks |
| 27:57 | Blacksmith |
| 28:01 | Farm |
| 28:03 | Blacksmith |
| 28:06 | Blacksmith |
| 28:08 | Arcane Sanctum |
| 28:44 | Iron Forged Swords |
| 28:44 | Iron Plating |
| 28:46 | Priest |
| 28:47 | Priest |
| 28:49 | Arcane Sanctum |
| 28:55 | Farm |
| 29:02 | Barracks |
| 29:04 | Animal War Training |
| 29:10 | Knight |
| 29:10 | Knight |
| 29:11 | Knight |
| 29:14 | Priest |
| 29:24 | Blacksmith |
| 29:27 | Sorceress |
| 29:27 | Sorceress |
| 29:33 | Spell Breaker |
| 29:33 | Spell Breaker |
| 29:42 | Farm |
| 29:43 | Knight |
| 29:46 | Sundering Blades |
| 29:48 | Farm |
| 29:58 | Steel Forged Swords |
| 30:18 | Priest Adept Training |
| 30:21 | Sorceress |
| 30:25 | Sorceress Adept Training |
| 30:28 | Priest |
| 31:16 | Knight |
| 32:26 | Priest |
| 32:27 | Sorceress |
| 32:44 | Knight |
| Right click | 1391 |
| Select group | 1005 |
| Select | 437 |
| Build/train/purchase | 107 |
| Chat | 27 |
| Assign group | 24 |
| Misc. action | 18 |
| Resource trade | 10 |
| Minimap ping | 7 |
| Use ability | 5 |
| Esc | 2 |
| Remove unit | 1 |
Cabeelibob
(194)
(33:11) : 
| Healing Salve | 1 | 100 |
| Lesser Clarity Potion | 4 | 280 |
| Orb of Lightning | 1 | 375 |
| Tiny Great Hall | 3 | 1800 |
| Potion of Mana | 4 | 800 |
| Staff of Teleportation | 1 | 150 |
| Boots of Speed | 1 | 250 |
| total: | 15 | 3755g |
| Peon | 39 | 2925 | / | 0 |
| Troll Witch Doctor | 8 | 1160 | / | 200 |
| Tauren | 8 | 2240 | / | 640 |
| total: | 55 | 6325g | / | 840w |
| Watch Tower | 3 | 330 | / | 240 |
| Altar of Storms | 1 | 180 | / | 50 |
| Orc Burrow | 6 | 960 | / | 240 |
| War Mill | 3 | 615 | / | 0 |
| Voodoo Lounge | 2 | 260 | / | 60 |
| Great Hall | 3 | 1155 | / | 555 |
| Spirit Lodge | 1 | 150 | / | 150 |
| Tauren Totem | 3 | 405 | / | 465 |
| Stronghold | 1 | 315 | / | 190 |
| Fortress | 1 | 325 | / | 190 |
| total: | 22 | 4055g | / | 1760w |
| 0:06 | Altar of Storms |
| 0:07 | Peon |
| 0:14 | Peon |
| 0:27 | Orc Burrow |
| 0:29 | Peon |
| 0:38 | Peon |
| 0:54 | War Mill |
| 0:58 | Peon |
| 1:09 | Peon |
| 1:23 | Voodoo Lounge |
| 1:26 | Peon |
| 1:40 | Orc Burrow |
| 1:56 | Peon |
| 2:02 | Peon |
| 2:16 | Wind Walk |
| 2:27 | Peon |
| 2:44 | Peon |
| 2:56 | Spiked Barricades |
| 3:32 | Great Hall |
| 3:39 | Peon |
| 3:47 | Voodoo Lounge |
| 3:51 | Healing Salve |
| 3:52 | Lesser Clarity Potion |
| 4:57 | Staff of Teleportation |
| 5:01 | Boots of Speed |
| 5:35 | Peon |
| 5:36 | Peon |
| 5:38 | Watch Tower |
| 5:48 | Peon |
| 5:48 | Peon |
| 6:04 | Stronghold |
| 6:11 | Watch Tower |
| 6:30 | Watch Tower |
| 6:43 | Peon |
| 6:43 | Peon |
| 6:54 | Orc Burrow |
| 8:28 | Fortress |
| 9:06 | Critical Strike |
| 10:50 | Spirit Lodge |
| 11:05 | Orb of Lightning |
| 11:08 | Lesser Clarity Potion |
| 11:10 | Tiny Great Hall |
| 12:10 | Witch Doctor Adept Training |
| 12:11 | Troll Witch Doctor |
| 12:11 | Troll Witch Doctor |
| 12:11 | Troll Witch Doctor |
| 12:11 | Troll Witch Doctor |
| 12:49 | Peon |
| 12:49 | Peon |
| 12:49 | Peon |
| 12:49 | Peon |
| 12:49 | Peon |
| 13:00 | Reinforced Defenses |
| 13:31 | Lesser Clarity Potion |
| 14:38 | Witch Doctor Master Training |
| 14:39 | Troll Witch Doctor |
| 14:40 | Troll Witch Doctor |
| 14:40 | Troll Witch Doctor |
| 14:40 | Troll Witch Doctor |
| 17:23 | Wind Walk |
| 18:55 | Potion of Mana |
| 19:46 | Critical Strike |
| 20:36 | Potion of Mana |
| 20:39 | Tiny Great Hall |
| 21:32 | Peon |
| 21:32 | Peon |
| 21:32 | Peon |
| 21:32 | Peon |
| 21:32 | Peon |
| 23:27 | Potion of Mana |
| 23:31 | Tiny Great Hall |
| 24:56 | Peon |
| 24:57 | Peon |
| 24:57 | Peon |
| 24:57 | Peon |
| 24:57 | Peon |
| 25:01 | Potion of Mana |
| 25:02 | Lesser Clarity Potion |
| 27:48 | Peon |
| 27:48 | Peon |
| 27:55 | Great Hall |
| 28:03 | Great Hall |
| 28:13 | Tauren Totem |
| 28:21 | Tauren Totem |
| 28:25 | Tauren Totem |
| 28:30 | Steel Armor |
| 28:31 | Steel Melee Weapons |
| 29:33 | Orc Burrow |
| 29:36 | Pulverize |
| 29:36 | Tauren |
| 29:42 | Orc Burrow |
| 29:50 | Orc Burrow |
| 29:52 | Tauren |
| 29:54 | Tauren |
| 29:57 | Thorium Armor |
| 30:45 | Peon |
| 30:47 | Peon |
| 30:47 | Peon |
| 30:47 | Peon |
| 31:06 | Thorium Melee Weapons |
| 31:11 | War Mill |
| 31:13 | Tauren |
| 31:20 | War Mill |
| 31:43 | Tauren |
| 31:45 | Tauren |
| 32:19 | Tauren |
| 32:21 | Tauren |
| 32:54 | Wind Walk |
| Right click | 981 |
| Select | 243 |
| Select group | 143 |
| Build/train/purchase | 122 |
| Misc. action | 76 |
| Resource trade | 45 |
| Use ability | 15 |
| Assign group | 7 |
| Remove unit | 7 |
| Item give/drop | 4 |
| Minimap ping | 2 |
| Esc | 1 |
113 units @ 13.4k
/ 1.5k
86 buildings @ 12.4k
/ 5.3k
meditation
(2)
(32:23) : 


| Potion of Healing | 3 | 450 |
| Scroll of Regeneration | 2 | 200 |
| Staff of Sanctuary | 2 | 500 |
| Scroll of Town Portal | 1 | 350 |
| total: | 8 | 1500g |
| Peasant | 13 | 975 | / | 0 |
| Rifleman | 14 | 2870 | / | 420 |
| Mortar Team | 10 | 1800 | / | 700 |
| total: | 37 | 5645g | / | 1120w |
| Scout Tower | 8 | 240 | / | 160 |
| Arcane Tower | 2 | 140 | / | 100 |
| Guard Tower | 7 | 490 | / | 350 |
| Altar of Kings | 1 | 180 | / | 50 |
| Farm | 12 | 960 | / | 240 |
| Blacksmith | 1 | 140 | / | 60 |
| Barracks | 1 | 160 | / | 60 |
| Arcane Vault | 1 | 130 | / | 30 |
| Lumber Mill | 1 | 120 | / | 0 |
| Workshop | 2 | 280 | / | 280 |
| Keep | 1 | 320 | / | 210 |
| Castle | 1 | 360 | / | 210 |
| Moon Well | 1 | 180 | / | 40 |
| total: | 28 | 2390g | / | 920w |
| 0:01 | Peasant |
| 0:01 | Peasant |
| 0:08 | Altar of Kings |
| 0:18 | Farm |
| 0:23 | Peasant |
| 0:37 | Peasant |
| 0:37 | Peasant |
| 0:48 | Blacksmith |
| 1:10 | Barracks |
| 1:19 | Farm |
| 1:24 | Peasant |
| 1:24 | Peasant |
| 1:31 | Peasant |
| 1:32 | Peasant |
| 1:32 | Peasant |
| 1:43 | Farm |
| 1:50 | Peasant |
| 2:11 | Rifleman |
| 2:11 | Rifleman |
| 2:14 | Storm Bolt |
| 2:20 | Farm |
| 2:36 | Rifleman |
| 2:36 | Rifleman |
| 2:54 | Scout Tower |
| 2:58 | Rifleman |
| 3:10 | Farm |
| 3:23 | Arcane Tower |
| 3:33 | Rifleman |
| 3:33 | Rifleman |
| 3:33 | Rifleman |
| 3:46 | Bash |
| 3:49 | Farm |
| 4:06 | Rifleman |
| 4:31 | Keep |
| 4:47 | Rifleman |
| 4:55 | Farm |
| 4:59 | Storm Bolt |
| 5:10 | Arcane Vault |
| 5:27 | Rifleman |
| 5:49 | Black Gunpowder |
| 5:49 | Studded Leather Armor |
| 6:25 | Rifleman |
| 6:45 | Farm |
| 6:46 | Farm |
| 6:53 | Long Rifles |
| 7:26 | Farm |
| 7:35 | Peasant |
| 7:55 | Workshop |
| 7:58 | Scout Tower |
| 7:59 | Peasant |
| 8:27 | Arcane Tower |
| 8:36 | Bash |
| 8:40 | Potion of Healing |
| 8:40 | Potion of Healing |
| 8:46 | Siphon Mana |
| 9:04 | Mortar Team |
| 9:06 | Castle |
| 9:41 | Mortar Team |
| 10:00 | Refined Gunpowder |
| 10:00 | Reinforced Leather Armor |
| 10:02 | Flame Strike |
| 10:09 | Dragonhide Armor |
| 10:25 | Scroll of Regeneration |
| 11:16 | Flare |
| 12:09 | Flame Strike |
| 12:11 | Rifleman |
| 12:26 | Mortar Team |
| 12:29 | Staff of Sanctuary |
| 12:29 | Potion of Healing |
| 12:43 | Scroll of Regeneration |
| 12:54 | Fragmentation Shards |
| 13:06 | Holy Light |
| 13:23 | Mortar Team |
| 13:26 | Scout Tower |
| 13:36 | Lumber Mill |
| 13:39 | Scout Tower |
| 14:51 | Guard Tower |
| 14:52 | Imbued Gunpowder |
| 15:33 | Farm |
| 15:34 | Farm |
| 15:47 | Scout Tower |
| 15:49 | Scout Tower |
| 15:51 | Scout Tower |
| 15:55 | Improved Masonry |
| 16:09 | Scout Tower |
| 16:22 | Guard Tower |
| 16:58 | Guard Tower |
| 17:00 | Advanced Masonry |
| 17:58 | Corrosive Breath |
| 18:17 | Moon Well |
| 18:33 | Imbued Masonry |
| 18:45 | Rifleman |
| 18:49 | Mortar Team |
| 19:38 | Scroll of Town Portal |
| 20:25 | Divine Shield |
| 20:27 | Storm Bolt |
| 22:25 | Workshop |
| 23:45 | Mortar Team |
| 23:45 | Mortar Team |
| 24:21 | Mortar Team |
| 24:59 | Mortar Team |
| 24:59 | Mortar Team |
| 29:21 | Staff of Sanctuary |
| Select group | 1516 |
| Right click | 705 |
| Select | 590 |
| Misc. action | 474 |
| Build/train/purchase | 122 |
| Use ability | 72 |
| Assign group | 35 |
| Item give/drop | 8 |
| Minimap ping | 6 |
| Resource trade | 5 |
| Esc | 1 |



| Circlet of Nobility | 2 | 350 |
| Periapt of Vitality | 2 | 650 |
| Boots of Speed | 2 | 500 |
| total: | 6 | 1500g |
| Wisp | 40 | 2400 | / | 0 |
| Archer | 6 | 780 | / | 60 |
| Huntress | 6 | 1170 | / | 120 |
| Mountain Giant | 1 | 350 | / | 100 |
| total: | 53 | 4700g | / | 280w |
| Ancient Protector | 5 | 675 | / | 400 |
| Altar of Elders | 1 | 180 | / | 50 |
| Moon Well | 8 | 1440 | / | 320 |
| Ancient of War | 1 | 150 | / | 60 |
| Ancient of Wonders | 1 | 90 | / | 30 |
| Hunter's Hall | 1 | 210 | / | 100 |
| Tree of Life | 1 | 340 | / | 185 |
| Ancient of Lore | 1 | 155 | / | 145 |
| Ancient of Wind | 1 | 150 | / | 140 |
| Chimaera Roost | 1 | 140 | / | 190 |
| Tree of Ages | 1 | 320 | / | 180 |
| Tree of Eternity | 1 | 330 | / | 200 |
| total: | 21 | 3530g | / | 1620w |
| 0:05 | Wisp |
| 0:05 | Wisp |
| 0:05 | Wisp |
| 0:06 | Wisp |
| 0:06 | Wisp |
| 0:06 | Wisp |
| 0:06 | Wisp |
| 0:18 | Altar of Elders |
| 0:24 | Wisp |
| 0:54 | Moon Well |
| 1:06 | Moon Well |
| 1:23 | Ancient of War |
| 1:28 | Moon Well |
| 1:39 | Wisp |
| 1:40 | Wisp |
| 2:11 | Moon Well |
| 2:31 | Ancient of Wonders |
| 2:39 | Wisp |
| 2:45 | Wisp |
| 2:45 | Wisp |
| 3:00 | Hunter's Hall |
| 3:04 | Immolation |
| 3:08 | Archer |
| 3:08 | Archer |
| 3:08 | Archer |
| 3:25 | Archer |
| 3:25 | Archer |
| 3:25 | Archer |
| 3:43 | Backpack |
| 4:05 | Tree of Ages |
| 4:18 | Ancient Protector |
| 4:35 | Huntress |
| 5:21 | Huntress |
| 5:22 | Huntress |
| 5:22 | Huntress |
| 5:35 | Moon Well |
| 6:20 | Moon Well |
| 6:28 | Moon Glaive |
| 6:29 | Improved Bows |
| 6:31 | Sentinel |
| 7:12 | Moon Well |
| 7:21 | Ancient of Lore |
| 7:53 | Mana Burn |
| 8:20 | Circlet of Nobility |
| 8:21 | Periapt of Vitality |
| 8:22 | Boots of Speed |
| 8:53 | Trueshot Aura |
| 8:56 | Huntress |
| 8:56 | Huntress |
| 9:04 | Strength of the Moon |
| 9:11 | Ancient of Wind |
| 9:18 | Wisp |
| 9:51 | Tree of Life |
| 10:25 | Tree of Eternity |
| 11:10 | Ancient Protector |
| 11:35 | Improved Strength of the Moon |
| 11:36 | Moon Armor |
| 12:06 | Wisp |
| 12:06 | Wisp |
| 12:06 | Wisp |
| 12:07 | Wisp |
| 12:07 | Wisp |
| 12:07 | Wisp |
| 12:07 | Wisp |
| 12:07 | Wisp |
| 12:58 | Hardened Skin |
| 12:59 | Resistant Skin |
| 12:59 | Mountain Giant |
| 13:01 | Druid of the Claw Adept Training |
| 13:10 | Ultravision |
| 13:22 | Wisp |
| 13:22 | Wisp |
| 13:22 | Wisp |
| 13:23 | Wisp |
| 13:23 | Wisp |
| 13:23 | Wisp |
| 13:23 | Wisp |
| 13:31 | Wisp |
| 13:31 | Wisp |
| 13:31 | Wisp |
| 13:31 | Wisp |
| 13:55 | Ancient Protector |
| 14:13 | Chimaera Roost |
| 14:23 | Ancient Protector |
| 14:32 | Moon Well |
| 14:53 | Wisp |
| 14:53 | Wisp |
| 14:53 | Wisp |
| 14:59 | Wisp |
| 15:00 | Wisp |
| 15:02 | Wisp |
| 15:02 | Wisp |
| 15:08 | Ancient Protector |
| 15:18 | Boots of Speed |
| 15:19 | Periapt of Vitality |
| 15:26 | Circlet of Nobility |
| 16:29 | Incinerate |
| Select | 170 |
| Build/train/purchase | 92 |
| Right click | 90 |
| Use ability | 2 |


| Healing Salve | 7 | 700 |
| Lesser Clarity Potion | 4 | 280 |
| Potion of Healing | 3 | 450 |
| Potion of Mana | 1 | 200 |
| Orb of Lightning | 1 | 375 |
| Scroll of Speed | 1 | 50 |
| Scroll of Town Portal | 3 | 1050 |
| Circlet of Nobility | 4 | 700 |
| Potion of Lesser Invulnerability | 1 | 150 |
| total: | 25 | 3955g |
| Peon | 9 | 675 | / | 0 |
| Grunt | 7 | 1400 | / | 0 |
| Troll Headhunter | 7 | 980 | / | 140 |
| total: | 23 | 3055g | / | 140w |
| Watch Tower | 9 | 990 | / | 720 |
| Altar of Storms | 1 | 180 | / | 50 |
| Orc Burrow | 15 | 2400 | / | 600 |
| War Mill | 2 | 410 | / | 0 |
| Voodoo Lounge | 1 | 130 | / | 30 |
| Barracks | 1 | 180 | / | 50 |
| Great Hall | 2 | 770 | / | 370 |
| Beastiary | 3 | 435 | / | 420 |
| Stronghold | 7 | 2205 | / | 1330 |
| Fortress | 2 | 650 | / | 380 |
| Tree of Life | 3 | 1020 | / | 555 |
| total: | 37 | 6515g | / | 2795w |
| 0:03 | Peon |
| 0:10 | Altar of Storms |
| 0:16 | Orc Burrow |
| 0:21 | Peon |
| 0:23 | Peon |
| 0:55 | War Mill |
| 1:03 | Peon |
| 1:12 | Voodoo Lounge |
| 1:25 | Peon |
| 1:42 | Barracks |
| 1:45 | Peon |
| 1:45 | Peon |
| 2:04 | Peon |
| 2:16 | Wind Walk |
| 2:17 | Healing Salve |
| 2:32 | Peon |
| 2:54 | Circlet of Nobility |
| 3:04 | Stronghold |
| 3:13 | Orc Burrow |
| 3:36 | Circlet of Nobility |
| 3:44 | Watch Tower |
| 4:25 | Watch Tower |
| 4:39 | Watch Tower |
| 4:48 | Grunt |
| 5:21 | Grunt |
| 5:23 | Steel Melee Weapons |
| 5:23 | Steel Armor |
| 5:24 | Thorium Armor |
| 5:24 | Arcanite Armor |
| 5:26 | Critical Strike |
| 6:35 | Reinforced Defenses |
| 6:37 | Healing Salve |
| 6:37 | Lesser Clarity Potion |
| 6:40 | Scroll of Town Portal |
| 6:43 | Potion of Healing |
| 6:56 | Fortress |
| 7:20 | Circlet of Nobility |
| 7:40 | Berserker Strength |
| 7:43 | Thorium Melee Weapons |
| 7:43 | Arcanite Melee Weapons |
| 8:18 | Grunt |
| 8:22 | Spiked Barricades |
| 8:22 | Improved Spiked Barricades |
| 9:22 | Potion of Healing |
| 9:24 | Potion of Mana |
| 9:29 | Healing Salve |
| 9:37 | Grunt |
| 10:07 | Orc Burrow |
| 10:54 | Critical Strike |
| 12:14 | Grunt |
| 12:14 | Grunt |
| 12:25 | Healing Salve |
| 12:30 | Healing Salve |
| 12:42 | Potion of Healing |
| 12:50 | Orb of Lightning |
| 12:55 | Scroll of Town Portal |
| 12:56 | Lesser Clarity Potion |
| 13:08 | Healing Wave |
| 14:35 | Hex |
| 14:58 | Grunt |
| 15:02 | Orc Burrow |
| 15:19 | Healing Salve |
| 15:19 | Healing Salve |
| 15:19 | Lesser Clarity Potion |
| 15:19 | Lesser Clarity Potion |
| 16:07 | Great Hall |
| 17:20 | Tree of Life |
| 17:37 | Wind Walk |
| 18:17 | Tree of Life |
| 18:43 | Orc Burrow |
| 18:45 | Orc Burrow |
| 18:47 | Watch Tower |
| 18:55 | Orc Burrow |
| 18:57 | Watch Tower |
| 19:04 | Watch Tower |
| 19:07 | Orc Burrow |
| 19:13 | Orc Burrow |
| 19:20 | Watch Tower |
| 19:23 | Watch Tower |
| 20:51 | War Mill |
| 21:10 | Orc Burrow |
| 22:09 | Stronghold |
| 22:09 | Stronghold |
| 22:17 | Tree of Life |
| 23:01 | Orc Burrow |
| 23:03 | Orc Burrow |
| 23:04 | Orc Burrow |
| 23:06 | Orc Burrow |
| 23:09 | Orc Burrow |
| 24:22 | Troll Headhunter |
| 24:22 | Troll Headhunter |
| 24:22 | Troll Headhunter |
| 24:22 | Troll Headhunter |
| 24:22 | Troll Headhunter |
| 25:23 | Great Hall |
| 26:23 | Troll Headhunter |
| 26:23 | Troll Headhunter |
| 26:31 | Steel Ranged Weapons |
| 28:59 | Stronghold |
| 29:03 | Watch Tower |
| 29:34 | Scroll of Speed |
| 30:22 | Circlet of Nobility |
| 30:23 | Scroll of Town Portal |
| 30:25 | Potion of Lesser Invulnerability |
| 31:21 | Beastiary |
| 31:23 | Beastiary |
| 31:35 | Beastiary |
| 31:41 | Healing Wave |
| Right click | 1473 |
| Select group | 612 |
| Select | 481 |
| Build/train/purchase | 160 |
| Use ability | 63 |
| Chat | 27 |
| Misc. action | 18 |
| Assign group | 12 |
| Item give/drop | 5 |
| Minimap ping | 4 |
| Remove unit | 3 |
| Esc | 1 |